AoeStats
← TheKehribar

Arabia

510420298Analyzed
4v4 RM · 2d ago on Sep 30, 2026· 36m 26s· 8 players
Game mode
Random Map
Map size
Large (8 player)
Population
200
Speed
Normal
Resources
Standard
Victory
Conquest
Starting age
Dark Age
Ending age
Imperial Age
RankedLock teamsTeams togetherTeam positionsShared explorationLock speedFull tech treeHidden civsTurbo modeCheats
Victory
Defeat
🇺🇸 Lithuanians · United States
659
+21
🇨🇴 Persians · Colombia
610
+22
🇮🇳 Slavs · India
558
+24
🇵🇪 Vikings · Peru
529
+26
🇹🇷 Bulgarians · Türkiye
801
-25
🇹🇷 Slavs · Türkiye
781
-24
🇲🇽 Saracens · Mexico
731
-50
🇩🇪 Khmer · Germany
717
-22
Max1muZS
15:28 Feudal Age
16:02 Double-Bit Axe
22:02 Gold Mining
23:13 Horse Collar
24:34 Stone Mining
26:36 Arson
32:14 Forging
32:04 Scale Mail Armor
34:58 Castle Age
Karma_Slays
12:57 Feudal Age
22:23 Castle Age
20:51 Horse Collar
21:00 Double-Bit Axe
24:44 Heavy Plow
24:59 Bow Saw
25:25 Husbandry
27:47 Bloodlines
28:39 Scale Barding Armor
29:11 Forging
31:01 Wheelbarrow
31:22 Chain Barding Armor
31:39 Iron Casting
31:08 Gold Mining
33:19 Hand Cart
39:08 Imperial Age
Germanico90
1:34 Loom
11:26 Feudal Age
12:00 Double-Bit Axe
17:55 Forging
20:51 Scale Barding Armor
21:01 Bloodlines
22:03 Wheelbarrow
21:13 Horse Collar
28:07 Castle Age
26:29 Padded Archer Armor
26:19 Fletching
30:29 Husbandry
31:28 Iron Casting
31:14 Chain Barding Armor
34:33 Padded Archer Armor
36:04 Thumb Ring
hangover
0:49 Loom
2:23 Loom
2:56 Loom
10:53 Feudal Age
12:10 Horse Collar
12:28 Double-Bit Axe
14:40 Gold Mining
15:07 Stone Mining
23:37 Castle Age
28:50 Imperial Age
29:20 Detinets
31:10 Bow Saw
golgi
10:52 Feudal Age
20:10 Castle Age
18:59 Double-Bit Axe
19:03 Horse Collar
20:31 Crossbowman
25:53 Town Watch
26:22 Padded Archer Armor
26:22 Loom
28:39 Fletching
30:34 Wheelbarrow
30:01 Town Patrol
30:40 Detinets
31:51 Murder Holes
32:19 Ballistics
37:15 Imperial Age
35:01 Bodkin Arrow
36:41 Hand Cart
Rada166
2:50 Loom
9:47 Feudal Age
11:50 Wheelbarrow
11:26 Double-Bit Axe
13:47 Horse Collar
19:15 Castle Age
19:23 Gold Mining
20:44 Gold Shaft Mining
20:19 Heavy Plow
24:28 Imperial Age
22:18 Hand Cart
25:13 Imperial Age
25:19 Bow Saw
28:51 Stone Mining
31:55 Stone Shaft Mining
31:57 Crop Rotation
37:26 Chemistry
36:48 Ballistics
TheKehribar
0:50 Loom
13:11 Feudal Age
13:43 Double-Bit Axe
14:21 Arson
15:17 Wheelbarrow
14:49 Horse Collar
16:25 Scale Mail Armor
16:35 Forging
18:53 Town Watch
19:07 Gold Mining
19:11 Stone Mining
26:09 Castle Age
24:25 Scale Barding Armor
27:31 Iron Casting
27:12 Chain Mail Armor
26:46 Gambesons
27:02 Squires
28:01 Hand Cart
27:48 Heavy Plow
28:19 Bow Saw
30:31 Bloodlines
30:21 Husbandry
38:55 Imperial Age
KverFernap
0:41 Loom
12:42 Feudal Age
13:35 Horse Collar
16:24 Double-Bit Axe
24:44 Fletching
24:55 Scale Mail Armor
26:05 Padded Archer Armor
26:17 Forging
26:30 Stone Mining
27:50 Man-at-Arms
28:28 Gold Mining
31:51 Castle Age
31:39 Scale Barding Armor
31:47 Bloodlines
31:25 Arson
32:33 Heavy Plow
Connection lost

Rejoining the realm…

Still unreachable

The connection could not be restored.

Session expired

The server has moved on; the page needs a fresh start.